[ AOE2 MATCH · #506013829 ]
UnrankedGoths vs Armenians
Player's team · LOSS
Rival team · WIN
[ REPLAY ANALYSIS · EXTRACTED FROM THE RECORDED GAME ]
Feudal
8:42
Castle
25:56
Imperial
—
| APM avg | 78.4 |
| APM peak | 118 |
| eAPM avg | 33.5 |
| Villagers / military | 140 / 67 |
Focus
⚔️ 47.7% · 🌾 52.3%
Skirmisher ×33 · Huskarl ×18 · Cavalry Archer ×11 · Mangonel ×3 · Monk ×1 · Battering Ram ×1
Feudal
10:32
Castle
24:52
Imperial
—
| APM avg | 78.7 |
| APM peak | 127 |
| eAPM avg | 46.6 |
| Villagers / military | 254 / 116 |
Focus
⚔️ 49.5% · 🌾 50.5%
Militia ×50 · Skirmisher ×25 · Archer ×13 · Battering Ram ×10 · Knight ×6 · Mangonel ×6
Match map
Initial resources + every placement click. Lines = walls · curves = elevation contours. ◆ gold · ⬟ stone · ● berries · ✦ relic · ◌ wall gap
Your base· Open — unwalled flank
DS_SayGG's base· Open — unwalled flank
Smoothed initial terrain · ◌ = detected wall gap · hover for details
Inputs per minute
— DS_Laura - - DS_SayGG
Build order — DS_Laura
First 150 of 330 actions detected
| 0:01 | Create | Villager (Male) |
| 0:01 | Create | Villager (Male) |
| 0:02 | Create | Villager (Male) |
| 0:02 | Create | Villager (Male) |
| 0:02 | Create | Villager (Male) |
| 0:04 | Build | House |
| 0:05 | Build | House |
| 1:25 | Create | Villager (Male) |
| 1:25 | Create | Villager (Male) |
| 1:35 | Research | Loom |
| 1:54 | Build | Lumber Camp |
| 2:04 | Create | Villager (Male) |
| 2:17 | Create | Villager (Male) |
| 2:42 | Create | Villager (Male) |
| 3:11 | Create | Villager (Male) |
| 3:20 | Create | Villager (Male) |
| 3:38 | Create | Villager (Male) |
| 3:51 | Build | House |
| 3:54 | Build | Palisade Wall |
| 4:01 | Create | Villager (Male) |
| 4:01 | Create | Villager (Male) |
| 4:14 | Create | Villager (Male) |
| 4:33 | Create | Villager (Male) |
| 4:42 | Build | Mill |
| 5:00 | Create | Villager (Male) |
| 5:28 | Build | House |
| 5:31 | Build | Palisade Wall |
| 6:12 | Build | Palisade Wall |
| 6:26 | Create | Villager (Male) |
| 6:32 | Research | Feudal Age |
| 7:52 | Create | Villager (Male) |
| 7:53 | Build | Palisade Wall |
| 7:56 | Build | Palisade Wall |
| 7:57 | Build | Palisade Wall |
| 8:04 | Create | Villager (Male) |
| 8:05 | Create | Villager (Male) |
| 8:07 | Create | Villager (Male) |
| 8:25 | Create | Villager (Male) |
| 8:26 | Create | Villager (Male) |
| 8:34 | Create | Villager (Male) |
| 8:42 | Age | Feudal Age |
| 8:44 | Create | Villager (Male) |
| 8:47 | Build | Barracks |
| 9:15 | Create | Villager (Male) |
| 9:23 | Research | Double-Bit Axe |
| 9:24 | Research | Horse Collar |
| 9:26 | Create | Villager (Male) |
| 10:01 | Create | Villager (Male) |
| 10:06 | Create | Villager (Male) |
| 10:16 | Research | Horse Collar |
| 10:23 | Create | Villager (Male) |
| 10:48 | Build | Farm |
| 10:48 | Build | Farm |
| 10:49 | Build | Farm |
| 10:51 | Build | Farm |
| 10:55 | Build | Farm |
| 11:01 | Build | Palisade Wall |
| 11:09 | Build | Palisade Wall |
| 11:12 | Create | Villager (Male) |
| 11:21 | Build | Farm |
| 11:22 | Build | Farm |
| 11:35 | Create | Villager (Male) |
| 11:38 | Build | Farm |
| 11:41 | Build | House |
| 11:51 | Create | Villager (Male) |
| 12:00 | Build | Farm |
| 12:17 | Create | Villager (Male) |
| 12:18 | Create | Villager (Male) |
| 12:22 | Create | Villager (Male) |
| 12:28 | Build | Archery Range |
| 12:31 | Create | Villager (Male) |
| 12:32 | Create | Villager (Male) |
| 12:47 | Create | Villager (Male) |
| 12:55 | Build | Farm |
| 12:57 | Build | Farm |
| 12:58 | Create | Villager (Male) |
| 13:12 | Create | Skirmisher |
| 13:21 | Build | Mill |
| 13:25 | Build | House |
| 13:31 | Create | Villager (Male) |
| 13:32 | Build | House |
| 13:39 | Build | Palisade Wall |
| 13:52 | Build | House |
| 13:59 | Create | Skirmisher |
| 13:59 | Create | Villager (Male) |
| 14:07 | Create | Skirmisher |
| 14:23 | Create | Villager (Male) |
| 14:25 | Build | Watch Tower |
| 14:27 | Create | Skirmisher |
| 15:06 | Create | Skirmisher |
| 15:09 | Create | Villager (Male) |
| 15:09 | Create | Villager (Male) |
| 15:10 | Create | Skirmisher |
| 15:12 | Create | Skirmisher |
| 15:18 | Create | Villager (Male) |
| 15:24 | Build | Blacksmith |
| 15:41 | Build | Palisade Wall |
| 15:44 | Create | Skirmisher |
| 15:53 | Create | Skirmisher |
| 15:58 | Research | Town Watch |
| 16:13 | Research | Fletching |
| 16:17 | Create | Skirmisher |
| 16:50 | Create | Villager (Male) |
| 16:55 | Build | House |
| 16:58 | Create | Villager (Male) |
| 17:00 | Build | House |
| 17:19 | Build | House |
| 17:23 | Create | Villager (Male) |
| 17:51 | Create | Skirmisher |
| 17:59 | Create | Villager (Male) |
| 18:08 | Create | Skirmisher |
| 18:15 | Create | Villager (Male) |
| 18:16 | Create | Villager (Male) |
| 18:18 | Build | Mining Camp |
| 18:25 | Create | Skirmisher |
| 18:26 | Create | Skirmisher |
| 18:27 | Create | Villager (Male) |
| 18:28 | Create | Villager (Male) |
| 18:40 | Create | Skirmisher |
| 18:40 | Create | Skirmisher |
| 18:58 | Create | Villager (Male) |
| 18:59 | Create | Villager (Male) |
| 19:06 | Create | Villager (Male) |
| 19:20 | Create | Villager (Male) |
| 19:24 | Create | Skirmisher |
| 19:25 | Create | Skirmisher |
| 19:25 | Create | Villager (Male) |
| 19:26 | Research | Padded Archer Armor |
| 19:29 | Create | Villager (Male) |
| 19:32 | Create | Villager (Male) |
| 19:32 | Create | Villager (Male) |
| 19:34 | Build | Archery Range |
| 19:47 | Create | Villager (Male) |
| 19:49 | Create | Skirmisher |
| 19:55 | Create | Skirmisher |
| 20:14 | Create | Skirmisher |
| 20:19 | Create | Villager (Male) |
| 20:22 | Create | Skirmisher |
| 20:35 | Create | Villager (Male) |
| 20:53 | Build | Palisade Wall |
| 21:02 | Create | Villager (Male) |
| 21:03 | Create | Villager (Male) |
| 21:10 | Build | Mining Camp |
| 21:11 | Create | Villager (Male) |
| 21:19 | Create | Villager (Male) |
| 21:22 | Build | Outpost |
| 21:32 | Research | Wheelbarrow |
| 21:38 | Create | Villager (Male) |
| 21:50 | Create | Villager (Male) |
| 21:51 | Create | Villager (Male) |
Build order — DS_SayGG
First 150 of 504 actions detected
| 0:00 | Create | Villager (Male) |
| 0:00 | Create | Villager (Male) |
| 0:01 | Create | Villager (Male) ×2 |
| 0:02 | Build | House |
| 0:05 | Build | House |
| 1:25 | Create | Villager (Male) |
| 1:43 | Create | Villager (Male) |
| 2:08 | Create | Villager (Male) |
| 2:43 | Create | Villager (Male) |
| 2:53 | Create | Villager (Male) |
| 3:03 | Build | House |
| 3:14 | Create | Villager (Male) |
| 4:00 | Create | Villager (Male) ×2 |
| 4:12 | Build | Barracks |
| 4:16 | Build | Barracks |
| 4:27 | Create | Villager (Male) |
| 4:49 | Build | Mule Cart |
| 5:02 | Create | Militia |
| 5:02 | Create | Militia |
| 5:03 | Create | Militia |
| 5:05 | Create | Villager (Male) |
| 5:14 | Create | Villager (Male) |
| 5:31 | Build | House |
| 5:45 | Create | Villager (Male) |
| 6:21 | Create | Villager (Male) |
| 6:21 | Create | Villager (Male) |
| 6:25 | Create | Villager (Male) ×2 |
| 6:41 | Create | Villager (Male) |
| 6:41 | Create | Villager (Male) |
| 6:56 | Create | Villager (Male) |
| 6:57 | Create | Villager (Male) |
| 7:06 | Build | House |
| 7:24 | Create | Villager (Male) |
| 7:25 | Create | Villager (Male) |
| 7:28 | Build | Mill |
| 7:28 | Create | Villager (Male) |
| 8:22 | Research | Feudal Age |
| 8:22 | Research | Feudal Age |
| 9:05 | Create | Villager (Male) |
| 9:19 | Research | Loom |
| 9:35 | Create | Villager (Male) |
| 9:46 | Create | Villager (Male) |
| 10:05 | Create | Militia |
| 10:05 | Create | Militia |
| 10:12 | Create | Militia |
| 10:32 | Create | Militia |
| 10:32 | Age | Feudal Age |
| 10:35 | Create | Villager (Male) |
| 10:44 | Research | Loom |
| 10:44 | Research | Loom |
| 10:51 | Create | Villager (Male) ×5 |
| 10:51 | Create | Villager (Male) ×2 |
| 10:54 | Create | Villager (Male) |
| 10:55 | Build | Archery Range |
| 11:20 | Create | Villager (Male) |
| 11:23 | Build | House |
| 11:25 | Build | Mule Cart |
| 11:35 | Build | House |
| 11:50 | Research | Double-Bit Axe |
| 11:50 | Research | Double-Bit Axe |
| 11:55 | Create | Villager (Male) |
| 11:56 | Create | Archer |
| 12:02 | Build | House |
| 12:03 | Build | Palisade Wall |
| 12:05 | Build | Palisade Wall |
| 12:07 | Create | Villager (Male) |
| 12:09 | Build | Farm |
| 12:10 | Build | Farm |
| 12:21 | Create | Villager (Male) |
| 12:30 | Research | Man-at-Arms (upgrade) |
| 12:30 | Research | Man-at-Arms (upgrade) |
| 12:32 | Create | Villager (Male) ×2 |
| 12:41 | Build | Watch Tower |
| 12:46 | Create | Skirmisher |
| 12:46 | Create | Skirmisher |
| 12:58 | Create | Villager (Male) |
| 13:01 | Create | Villager (Male) |
| 13:03 | Build | Farm |
| 13:04 | Build | Farm |
| 13:04 | Build | Farm |
| 13:04 | Build | Farm |
| 13:07 | Create | Villager (Male) |
| 13:14 | Build | House |
| 13:16 | Create | Militia |
| 13:20 | Create | Villager (Male) |
| 13:20 | Create | Villager (Male) |
| 13:21 | Create | Villager (Male) |
| 13:31 | Create | Villager (Male) |
| 13:39 | Build | Watch Tower |
| 13:43 | Create | Skirmisher |
| 13:43 | Create | Skirmisher |
| 13:43 | Create | Villager (Male) |
| 13:49 | Create | Villager (Male) |
| 13:55 | Build | Watch Tower |
| 14:02 | Build | Watch Tower |
| 14:15 | Create | Villager (Male) |
| 14:15 | Create | Villager (Male) |
| 14:18 | Create | Militia |
| 14:22 | Create | Militia |
| 14:35 | Build | Farm |
| 14:37 | Build | Mule Cart |
| 14:52 | Build | Farm |
| 14:54 | Create | Villager (Male) |
| 15:13 | Create | Villager (Male) |
| 15:23 | Create | Skirmisher |
| 15:34 | Create | Villager (Male) |
| 15:52 | Create | Villager (Male) |
| 16:01 | Build | Mule Cart |
| 16:29 | Create | Villager (Male) |
| 16:37 | Build | Watch Tower |
| 16:48 | Build | House |
| 16:56 | Create | Skirmisher |
| 16:57 | Create | Archer ×5 |
| 17:16 | Create | Villager (Male) |
| 17:17 | Create | Archer ×5 |
| 17:28 | Build | Blacksmith |
| 17:45 | Create | Archer |
| 17:45 | Create | Villager (Male) |
| 17:45 | Create | Villager (Male) |
| 18:16 | Create | Villager (Male) |
| 18:16 | Create | Villager (Male) |
| 18:25 | Build | Palisade Wall |
| 18:25 | Build | Palisade Wall |
| 18:26 | Build | Palisade Wall |
| 18:27 | Build | Palisade Wall |
| 18:27 | Build | Palisade Wall |
| 18:42 | Create | Villager (Male) |
| 18:57 | Build | Watch Tower |
| 19:08 | Create | Villager (Male) |
| 19:08 | Create | Villager (Male) |
| 19:12 | Build | Farm |
| 19:12 | Build | Farm |
| 19:12 | Build | Farm |
| 19:13 | Build | Farm |
| 19:13 | Build | Farm |
| 19:13 | Build | Farm |
| 19:13 | Build | Farm |
| 19:13 | Build | Farm |
| 19:38 | Build | Farm |
| 19:42 | Create | Villager (Male) |
| 19:53 | Build | Palisade Wall |
| 20:01 | Build | Market |
| 20:05 | Create | Villager (Male) |
| 20:18 | Build | Palisade Wall |
| 20:22 | Build | Palisade Wall |
| 20:24 | Create | Villager (Male) |
| 20:32 | Create | Villager (Male) |
| 20:47 | Create | Villager (Male) |
| 21:02 | Create | Villager (Male) |
| 21:07 | Build | House |
Match timeline
| 3:54 | DS_Laura · wall_segment Palisade Wall x6 |
| 4:12 | DS_SayGG · first_building Barracks |
| 5:31 | DS_Laura · wall_segment Palisade Wall x16 |
| 6:12 | DS_Laura · wall_segment Palisade Wall x16 |
| 7:53 | DS_Laura · wall_segment Palisade Wall x3 |
| 7:56 | DS_Laura · wall_segment Palisade Wall x1 |
| 7:57 | DS_Laura · wall_segment Palisade Wall x1 |
| 8:42 | DS_Laura · age_up feudal |
| 8:47 | DS_Laura · first_building Barracks |
| 10:32 | DS_SayGG · age_up feudal |
| 10:55 | DS_SayGG · first_building Archery Range |
| 11:01 | DS_Laura · wall_segment Palisade Wall x1 |
| 11:09 | DS_Laura · wall_segment Palisade Wall x1 |
| 12:03 | DS_SayGG · wall_segment Palisade Wall x4 |
| 12:05 | DS_SayGG · wall_segment Palisade Wall x7 |
| 12:28 | DS_Laura · first_building Archery Range |
| 13:39 | DS_Laura · wall_segment Palisade Wall x1 |
| 15:41 | DS_Laura · wall_segment Palisade Wall x1 |
| 18:25 | DS_SayGG · wall_segment Palisade Wall x1 |
| 18:25 | DS_SayGG · wall_segment Palisade Wall x1 |
| 18:26 | DS_SayGG · wall_segment Palisade Wall x1 |
| 18:27 | DS_SayGG · wall_segment Palisade Wall x1 |
| 18:27 | DS_SayGG · wall_segment Palisade Wall x1 |
| 19:53 | DS_SayGG · wall_segment Palisade Wall x1 |
| 20:18 | DS_SayGG · wall_segment Palisade Wall x1 |
| 20:22 | DS_SayGG · wall_segment Palisade Wall x1 |
| 20:53 | DS_Laura · wall_segment Palisade Wall x1 |
| 21:36 | DS_SayGG · first_market_buy 100 stone |
| 21:52 | DS_SayGG · first_market_sell 100 wood |
| 23:15 | DS_Laura · first_market_sell 100 food |
| 24:52 | DS_SayGG · age_up castle |
| 25:17 | DS_SayGG · first_building Stable |
| 25:56 | DS_Laura · age_up castle |
| 26:02 | DS_Laura · first_building Castle |
| 26:07 | DS_SayGG · first_building Siege Workshop |
| 26:36 | DS_SayGG · wall_segment Stone Wall x1 |
| 26:36 | DS_SayGG · wall_segment Stone Wall x3 |
| 26:36 | DS_SayGG · wall_segment Stone Wall x2 |
| 26:36 | DS_SayGG · wall_segment Stone Wall x1 |
| 27:23 | DS_Laura · first_market_buy 100 wood |
| 27:38 | DS_Laura · wall_segment Palisade Wall x1 |
| 29:32 | DS_SayGG · first_building Monastery |
| 32:28 | DS_Laura · wall_segment Palisade Wall x1 |
| 34:05 | DS_Laura · first_building Monastery |
| 34:28 | DS_Laura · first_building Siege Workshop |
| 36:33 | DS_SayGG · first_building Castle |
| 44:29 | DS_Laura · resign |
[ AI ANALYSIS · 1 CREDIT ]
What really happened in this match?
Wolo.gg analyzes every decision: build order, eco, micro, common mistakes by bracket. Personalized analysis on WhatsApp or Discord in 30 seconds.
Civ guide
Goths
Perfil
Jugador #543349